 Dungeon Crawl Stone Soup version 0.24.1-14-gf8d2b509d9 (webtiles) character file.

Game seed: 17746199433275020315, levelgen mode: deterministic

23290 Gabide the Black Belt (level 13, -3/60 HPs)
             Began as a Vine Stalker Gladiator on May 19, 2020.
             Was a High Priest of Dithmenos.
             Slain by a cyan ugly thing (4 damage)
             ... on level 13 of the Dungeon.
             The game lasted 00:37:07 (10408 turns).

Gabide the Black Belt (Vine Stalker Gladiator)     Turns: 10408, Time: 00:37:09

Health: -3/60      AC: 18    Str: 23    XL:     13   Next: 5%
Magic:  0/19       EV: 14    Int:  8    God:    Dithmenos [*****.]
Gold:   859        SH:  0    Dex: 20    Spells: 12/12 levels left

rFire    + . .     SeeInvis .     - Unarmed
rCold    + . .     Gourm    .   (no shield)
rNeg     + . .     Faith    +   J - +6 scale mail "Tourob" {Dex-5 Slay+6 Stlth+}
rPois    +         Spirit   +   y - +1 hat
rElec    +         Reflect  .   F - +0 cloak
rCorr    +         Harm     .   T - +0 pair of gloves
MR       +....                  u - +0 pair of boots
Stlth    ++++++++..             t - amulet of faith
HPRegen  1.00/turn              r - +5 ring of dexterity
MPRegen  0.16/turn              O - ring of Lesi {*Corrode rElec rPois rN+}

@: mighty, about to teleport, resistant, wreathed by umbra
A: fangs 3, regeneration 2, magic shield, antimagic bite, no potion heal 3, rot
immunity
a: Shadow Step, Shadow Form, Renounce Religion


You were on level 13 of the Dungeon.
You worshipped Dithmenos.
Dithmenos was extremely pleased with you.
You were not hungry.

You visited 1 branch of the dungeon, and saw 13 of its levels.
You also visited: Ossuary.

You collected 859 gold pieces.

Inventory:

Hand Weapons
 a - the +3 hand axe "Stringbean" {protect, rF++}
   (You found it on level 9 of the Dungeon)

   It grants its wielder temporary protection when it strikes (+7 to AC).
   It greatly protects you from fire.
 x - a +2 halberd of chopping
 B - a +6 scimitar of flaming
 P - the +5 falchion "Ramuruggo" {slice, rPois rC+ MR+}
   (You found it on level 11 of the Dungeon)

   It inflicts extra damage upon your enemies.
   It protects you from cold.
   It protects you from poison.
   It affects your resistance to hostile enchantments.
Armour
 l - a +1 hat
 p - a +2 leather armour of magic resistance
 u - a +0 pair of boots (worn)
 y - a +1 hat (worn)
 F - a +0 cloak (worn)
 H - +0 steam dragon scales
 J - the +6 scale mail "Tourob" (worn) {Dex-5 Slay+6 Stlth+}
   (You took it off an orc on level 11 of the Dungeon)

   It affects your dexterity (-5).
   It affects your accuracy and damage with ranged weapons and melee attacks
   (+6).
   It makes you more stealthy.
 S - +0 acid dragon scales
 T - a +0 pair of gloves (worn)
Jewellery
 b - an uncursed ring of poison resistance
 f - an uncursed ring of stealth
 r - a +5 ring of dexterity (left hand)
 t - an amulet of faith (around neck)
 z - a +3 ring of intelligence
 I - an uncursed ring of see invisible {unknown}
 K - a cursed -6 ring of intelligence
 M - an uncursed amulet of the acrobat
 O - the ring of Lesi (right hand) {*Corrode rElec rPois rN+}
   (You found it on level 12 of the Dungeon)

   [ring of positive energy]

   It insulates you from electricity.
   It protects you from poison.
   It protects you from negative energy.
   It may corrode you when you take damage.
Wands
 e - a wand of polymorph (16)
 i - a wand of random effects (29)
 w - a wand of scattershot (7)
 C - a wand of clouds (3)
Scrolls
 c - 4 scrolls of remove curse
 g - 5 scrolls of teleportation
 j - 2 scrolls of blinking
 n - 2 scrolls of magic mapping
 A - 2 scrolls of fear
 N - 4 scrolls of amnesia
 U - a scroll of identify
Potions
 k - 7 potions of curing
 m - a potion of magic {unknown}
 o - 5 potions of brilliance
 q - 2 potions of flight {unknown}
 v - 2 potions of lignification
 D - a potion of ambrosia {unknown}
 Q - 2 potions of berserk rage {unknown}
 R - a potion of haste {unknown}
Miscellaneous
 L - a fan of gales
Comestibles
 d - 19 rations


   Skills:
 + Level 3.4 Fighting
 - Level 1.7 Throwing
 * Level 5.3 Armour
 + Level 5.3 Dodging
 + Level 11.0 Stealth
 * Level 15.5 Unarmed Combat
 * Level 6.9 Invocations


You had 12 spell levels left.
You didn't know any spells.
Your spell library contained the following spells:

 Spells                   Type           Power        Failure   Level  Hunger
 Magic Dart               Conj           #...         71%         1    ##.....
 Shock                    Conj/Air       #...         71%         1    ##.....
 Searing Ray              Conj           #.....       83%         2    ###....
 Swiftness                Chrm/Air       #.......     83%         2    ###....
 Dazzling Spray           Conj/Hex       #.....       97%         3    ####...
 Static Discharge         Conj/Air       #.......     97%         3    ####...
 Airstrike                Air            #.........   100%        4    #####..
 Force Lance              Conj/Tloc      #.......     100%        4    #####..
 Fulminant Prism          Conj/Hex       #.........   100%        4    #####..
 Iskenderun's Mystic Bla  Conj           #.......     100%        4    #####..
 Lightning Bolt           Conj/Air       #.........   100%        5    ######.


Dungeon Overview and Level Annotations

Branches:
Dungeon (13/15)              Lair (0/6) D:9             Orc (0/2) D:9
Ossuary (visited)
 Temple: D:4-7       Vaults: D:13-14

Altars:
Ashenzari
Cheibriados
Dithmenos
Elyvilon
Gozag
Hepliaklqana
Nemelex Xobeh
Okawaru
Ru
Sif Muna
Xom

Shops:
D:11 :


Innate Abilities, Weirdness & Mutations

You have razor-sharp teeth.
You heal very quickly.
When hurt, damage is shared between your health and your magic reserves.
Your bite disrupts and absorbs the magic of your enemies.
Potions cannot restore your health.
You are immune to rotting.


Message History

* * * LOW HITPOINT WARNING * * *
The manticore claws you but does no damage.
The death knight hits you with a +3 morningstar.
* * * LOW HITPOINT WARNING * * *
As you read the scroll of fear, it crumbles to dust.
You assume a fearsome visage.
The hippogriff looks frightened!
The death knight resists with almost no effort.
The deep elf mage looks frightened!
The cyan ugly thing resists with some effort.
The centaur warrior looks frightened!
The manticore looks frightened!
The deep elf mage mumbles some strange words.
The deep elf mage blinks!
The death knight hits you but does no damage.
As you read the scroll of teleportation, it crumbles to dust.
You feel strangely unstable.
The deep elf mage casts a spell.
The deep elf mage blinks!
The cyan ugly thing headbutts you!
* * * LOW HITPOINT WARNING * * *
The cyan ugly thing shocks you. You resist.
You die...

........##..##.######...###
......(..#..........##....#
.......#.##.#e#:#?#..#..#.#
......##..#.#.#.#.#..##.#.##
....><#...##.#§#.#H#.##....#
#######....#†#.#.#.#)###.#.##
...........##.#.#.##:###....#
............#.#.#p#[..###.#.#
............##.#@##=..###...#
.............#.#u#[|...###..#
.............##..CD.=.=. #..#
.######.......#cH####### #.##
.# +.......############.# .#
#....................# .#
#######........####### .#
+.....#.......## .#
#....#......##


You could see a death knight, a cyan ugly thing, a centaur warrior (fleeing), a
manticore (fleeing), a cyclops, a hippogriff (fleeing), a deep elf mage
(fleeing) and an acid dragon.

Vanquished Creatures
  The ghost of lllmatko the Fighter, a journeyman MiBe of Trog (D:12)
  Harold (D:8)
  Erica (D:8)
  2 two-headed ogres
  A dancing weapon (D:12)
  Pikel (D:7)
  3 ugly things
  Maurice (D:8)
  Joseph (D:8)
  Psyche (D:8)
  A gargoyle (D:12)
  A kobold demonologist (D:11)
  A troll (D:9)
  4 slime creatures (D:13)
  8 hippogriffs
  A spriggan (D:7)
  3 wyverns
  A shadow (D:11)
  2 wraiths (D:11)
  20 yaks
  2 hungry ghosts (D:13)
  A basilisk (D:11)
  2 steam dragons
  2 vampire mosquitoes (D:10)
  2 soldier ants (D:13)
  An acid dragon (D:13)
  An ice beast (D:7)
  2 slaves (D:7)
  An eye of draining (D:13)
  5 orc warriors
  7 sky beasts
  A necrophage (D:9)
  A black bear (D:11)
  2 phantoms
  11 ogres
  17 centaurs
  7 bullfrogs
  2 wyvern skeletons
  6 scorpions
  A water moccasin skeleton (D:4)
  12 killer bees
  3 wights (D:9)
  4 howler monkeys
  3 crimson imps
  4 centaur zombies
  7 hounds
  2 bullfrog skeletons
  6 orc priests
  5 jellies
  6 centaur skeletons
  10 iguanas
  6 orc wizards
  5 worker ants
  2 hound zombies
  2 hound skeletons (D:10)
  4 mummies (Ossuary)
  A worker ant zombie (D:5)
  Robin (D:3)
  13 gnolls
  11 adders
  5 shadow imps
  2 oozes
  An adder zombie (D:5)
  2 worms
  2 dart slugs
  4 leopard geckos
  26 orcs
  2 ball pythons
  7 giant cockroaches
  A gnoll zombie (D:4)
  13 goblins
  9 hobgoblins
  9 jackals
  3 quokkas
  7 bats
  4 frilled lizards
  2 goblin zombies (Ossuary)
  A hobgoblin zombie (Ossuary)
  A jackal skeleton (D:9)
  6 kobolds
  2 kobold zombies (Ossuary)
  2 orc zombies (Ossuary)
  5 rats
352 creatures vanquished.

Vanquished Creatures (others)
  A sky beast (D:8)
1 creature vanquished.

Grand Total: 353 creatures vanquished

Notes
Turn   | Place    | Note
-------+----------+-------------------------------------------
     0 | D:1      | Gabide the Vine Stalker Gladiator began the quest for the
                  | Orb.
     0 | D:1      | Reached XP level 1. HP: 11/11 MP: 2/2
   109 | D:1      | Reached XP level 2. HP: 13/15 MP: 3/3
   560 | D:1      | Reached XP level 3. HP: 17/18 MP: 4/4
   735 | D:2      | Found a shadowy altar of Dithmenos.
   771 | D:2      | Became a worshipper of Dithmenos the Shadowed
   798 | D:2      | Found a hazy altar of Hepliaklqana.
   882 | D:2      | Reached skill level 4 in Unarmed Combat
  1662 | D:3      | Gained mutation: Your natural rate of healing is unusually
                  | fast. [Vine Stalker growth]
  1662 | D:3      | Reached XP level 4. HP: 3/23 MP: 1/5
  1723 | D:3      | Found a shimmering blue altar of Sif Muna.
  1744 | D:3      | Reached skill level 1 in Stealth
  1744 | D:3      | Reached XP level 5. HP: 24/26 MP: 4/6
  1749 | D:3      | Reached skill level 1 in Armour
  1752 | D:3      | Noticed Robin
  1759 | D:3      | Killed Robin
  1781 | D:3      | Reached skill level 5 in Unarmed Combat
  1786 | D:3      | Reached * piety under Dithmenos
  2040 | D:3      | Found an iron altar of Okawaru.
  2381 | D:4      | Reached XP level 6. HP: 26/30 MP: 7/7
  2576 | D:4      | Found a sand-covered staircase.
  2588 | Ossuary  | Entered an ossuary
  2704 | Ossuary  | Reached ** piety under Dithmenos
  2772 | Ossuary  | Reached skill level 6 in Unarmed Combat
  2881 | D:4      | Reached XP level 7. HP: 35/35 MP: 8/8
  3003 | D:5      | Entered Level 5 of the Dungeon
  3052 | D:5      | Reached skill level 7 in Unarmed Combat
  3238 | D:5      | Found a shattered altar of Ashenzari.
  3280 | D:5      | Gained mutation: You have razor-sharp teeth. [Vine Stalker
                  | growth]
  3280 | D:5      | Reached XP level 8. HP: 39/39 MP: 9/9
  3319 | D:5      | Found a sparkling altar of Nemelex Xobeh.
  3379 | D:5      | Reached skill level 5 in Stealth
  3384 | D:5      | Reached *** piety under Dithmenos
  3385 | D:5      | Reached skill level 8 in Unarmed Combat
  3615 | D:5      | Found a glowing drain.
  4086 | D:6      | Reached skill level 9 in Unarmed Combat
  4141 | D:6      | Found an opulent altar of Gozag.
  4235 | D:6      | Found a sacrificial altar of Ru.
  4427 | D:7      | Noticed Pikel
  4465 | D:7      | Killed Pikel
  4465 | D:7      | Reached skill level 10 in Unarmed Combat
  4465 | D:7      | Reached XP level 9. HP: 17/42 MP: 10/10
  4798 | D:7      | Reached skill level 1 in Invocations
  4917 | D:8      | Noticed Psyche
  4928 | D:8      | Killed Psyche
  5059 | D:8      | Noticed Erica
  5186 | D:8      | Killed Erica
  5186 | D:8      | Reached skill level 11 in Unarmed Combat
  5186 | D:8      | Reached XP level 10. HP: 33/47 MP: 11/13
  5356 | D:8      | Noticed Maurice
  5373 | D:8      | Killed Maurice
  5526 | D:8      | Noticed Joseph
  5566 | D:8      | Killed Joseph
  5828 | D:8      | Noticed Harold
  5848 | D:8      | Killed Harold
  5922 | D:9      | Noticed a two-headed ogre
  5930 | D:9      | Killed a two-headed ogre
  5930 | D:9      | Reached skill level 12 in Unarmed Combat
  5930 | D:9      | Reached XP level 11. HP: 45/51 MP: 15/15
  5962 | D:9      | Got a polished hand axe
  5969 | D:9      | Identified the +3 hand axe "Stringbean" {protect, rF++}
                  | (You found it on level 9 of the Dungeon)
  6062 | D:9      | Reached skill level 5 in Invocations
  6128 | D:9      | Found a snail-covered altar of Cheibriados.
  6189 | D:9      | Found a staircase to the Lair.
  6261 | D:9      | Found a staircase to the Orcish Mines.
  6419 | D:9      | Reached **** piety under Dithmenos
  6551 | D:9      | Found Biufaomo's Gadget Shoppe.
  6572 | D:9      | Found a white marble altar of Elyvilon.
  6930 | D:10     | Entered Level 10 of the Dungeon
  7384 | D:10     | Noticed a two-headed ogre
  7391 | D:10     | Killed a two-headed ogre
  7391 | D:10     | Reached skill level 5 in Dodging
  7391 | D:10     | Reached skill level 13 in Unarmed Combat
  8023 | D:11     | Found Atziodd's Book Emporium.
  8042 | D:11     | Noticed a red ugly thing
  8052 | D:11     | Killed a red ugly thing
  8080 | D:11     | Identified the +6 scale mail "Tourob" {Dex-5 Slay+6 Stlth+}
  8354 | D:11     | Reached skill level 10 in Stealth
  8358 | D:11     | Reached ***** piety under Dithmenos
  8387 | D:11     | Gained mutation: You heal very quickly. [Vine Stalker
                  | growth]
  8387 | D:11     | Reached XP level 12. HP: 52/56 MP: 15/17
  8654 | D:11     | Reached skill level 14 in Unarmed Combat
  8701 | D:11     | Got a pitted falchion
  8702 | D:11     | Identified the +5 falchion "Ramuruggo" {slice, rPois rC+
                  | MR+} (You found it on level 11 of the Dungeon)
  9082 | D:12     | Found a runed translucent door.
  9772 | D:12     | Found a shimmering altar of Xom.
  9772 | D:12     | Noticed lllmatko's ghost (journeyman MiBe)
  9786 | D:12     | Killed lllmatko's ghost
  9899 | D:12     | Got a slimy bronze ring
  9904 | D:12     | Identified the ring of Lesi {*Corrode rElec rPois rN+} (You
                  | found it on level 12 of the Dungeon)
 10038 | D:13     | Reached skill level 15 in Unarmed Combat
 10044 | D:13     | Reached skill level 5 in Armour
 10375 | D:13     | Reached XP level 13. HP: 60/60 MP: 19/19
 10406 | D:13     | HP: 3/60 [death knight/+3 morningstar (4)]
 10408 | D:13     | HP: 1/60 [cyan ugly thing (4)]
 10408 | D:13     | Slain by a cyan ugly thing

Levels and vault maps discovered:
D:1:      dpeg_arrival_radiant, layout_loops_ring
D:2:      layout_loops_ring, nicolae_dithmenos_shadow_blocks,
          lemuel_doored_altar, minmay_misc_feat_ornament, hex_medium
D:3:      layout_basic, nicolae_overflow_crystal_walls,
          kennysheep_okawaru_gauntlet, kennysheep_generic_room_8, uniq_robin
D:4:      layout_basic, enter_ossuary_3, first_ration
D:5:      layout_rooms, kennysheep_mini_moat, nicolae_ashenzari_panopticon,
          portal_sewer_entry_d, minmay_small_thing
D:6:      layout_basic, nicolae_ru_path_of_blood, lemuel_round_altar,
          minmay_temple_entry_statues_pillars, kennysheep_generic_room_4
D:7:      layout_cave_pools, the_bakery, uniq_pikel
D:8:      layout_basic, uniq_maurice, uniq_joseph, uniq_erica, uniq_harold,
          uniq_psyche
D:9:      minmay_thinvault, layout_basic, cheibriados_altar_1,
          lemuel_round_altar, lair_entry_dummy, orc_0_dummy, serial_shops,
          kennysheep_little_box
D:10:     layout_gridville
D:11:     layout_layer_cave, serial_shops, nicolae_shop_statue_plus
D:12:     layout_gridville, ebering_ghost_xom, minmay_misc_feat_doors
D:13:     minmay_the_grid_triangle_9x9_rhombus_thin_mashed
          [minmay_the_grid_triangle_9x9_stretched_checkered,
          minmay_the_grid_triangle_9x9_prize_insulated,
          minmay_the_grid_triangle_9x9_wacky_v,
          minmay_the_grid_triangle_9x9_cache], layout_gridville,
          nicolae_underground_beach

Skill      XL: |  1  2  3  4  5  6  7  8  9 10 11 12 13 |
---------------+----------------------------------------+-----
Unarmed Combat | 4 5 6 7 10 11 12 13 15 | 15.5
Fighting       | 2 3 |  3.4
Stealth        | 1 2 4 6 7 8 10 11 | 11.0
Armour         | 1 2 3 4 5 |  5.3
Dodging        | 3 4 5 |  5.3
Invocations    | 3 4 6 |  6.9
Throwing       | |  1.7

Action                   |  1- 3 |  4- 6 |  7- 9 | 10-12 | 13-15 || total
-------------------------+-------+-------+-------+-------+-------++-------
Melee: Unarmed           |   106 |   169 |   270 |   553 |     9 ||  1107
       Bite              |    26 |    58 |   109 |   245 |     4 ||   442
       Punch             |       |     9 |    12 |    47 |     2 ||    70
Throw: Throwing net      |     2 |     6 |     6 |     2 |     1 ||    17
       Javelin           |       |       |     4 |    11 |     3 ||    18
Invok: Shadow Step       |       |       |     2 |     4 |       ||     6
  Use: Scroll            |     7 |     3 |    10 |     9 |     2 ||    31
       Potion            |       |       |     1 |     2 |     2 ||     5
 Stab: Sleeping          |     3 |     6 |    15 |    54 |     3 ||    81
       Held in net/web   |     1 |     3 |     2 |     3 |       ||     9
       Distracted        |       |       |     2 |     2 |       ||     4
  Eat: Ration            |     1 |     1 |     1 |     2 |       ||     5
       Chunk             |     1 |       |     3 |    10 |       ||    14
Armor: Leather armour    |    19 |    26 |    45 |    73 |       ||   163
       Scale mail        |       |       |       |    72 |     5 ||    77
Dodge: Dodged            |    54 |    95 |   161 |   352 |     5 ||   667
